AoeStats
← Froduko

Arena

510174747Analyzed
1v1 RM · 3d ago on Sep 29, 2026· 38m 21s· 2 players
Game mode
Random Map
Map size
Tiny (2 player)
Population
200
Speed
Normal
Resources
Standard
Victory
Conquest
Starting age
Dark Age
Ending age
Imperial Age
RankedLock teamsTeams togetherTeam positionsShared explorationLock speedFull tech treeHidden civsTurbo modeCheats
Victory
Defeat
🇪🇸 Byzantines · Spain
901
+16
🇹🇷 Bohemians · Türkiye
908
-16
Froduko
11:20 Feudal Age
15:25 Castle Age
14:34 Double-Bit Axe
14:38 Horse Collar
22:26 Bow Saw
22:19 Heavy Plow
24:10 Wheelbarrow
25:40 Stone Mining
29:48 Imperial Age
27:34 Hand Cart
27:05 Loom
27:44 Gold Mining
29:06 Pikeman
29:47 Squires
29:58 Forging
29:49 Scale Mail Armor
30:19 Ballistics
31:30 Iron Casting
33:14 Two-Man Saw
32:49 Conscription
32:50 Chain Mail Armor
34:36 Chemistry
33:18 Treadmill Crane
33:34 Murder Holes
34:12 Plate Mail Armor
34:28 Onager
35:45 Halberdier
37:03 Man-at-Arms
37:30 Gambesons
39:11 Hoardings
38:07 Long Swordsman
TidierCast1585
1:20 Loom
11:23 Feudal Age
15:21 Castle Age
21:13 Double-Bit Axe
22:13 Horse Collar
31:23 Wheelbarrow
31:29 Wheelbarrow
33:28 Imperial Age
32:27 Bow Saw
33:26 Wheelbarrow
32:53 Pikeman
33:35 Squires
33:21 Arson
33:57 Wagenburg Tactics
33:55 Halberdier
36:24 Scale Mail Armor
36:34 Forging
37:24 Wagenburg Tactics
Connection lost

Rejoining the realm…

Still unreachable

The connection could not be restored.

Session expired

The server has moved on; the page needs a fresh start.